 Dungeon Crawl Stone Soup version 0.23.0-3-gf3c87f2 (webtiles) character file.

Game seed: 17812602166117889895

303 Monsterracer the Poker (level 6, -7/39 HPs)
             Began as a Tengu Abyssal Knight on Feb 24, 2019.
             Was a Believer of Lugonu.
             Mangled by an ogre
             ... wielding a +0 giant club
              (20 damage)
             ... on level 3 of the Dungeon.
             The game lasted 00:03:25 (3499 turns).

Monsterracer the Poker (Tengu Abyssal Knight)       Turns: 3499, Time: 00:03:25

Health: -7/39      AC:  5    Str: 13    XL:     6   Next: 38%
Magic:  7/8        EV: 15    Int: 14    God:    Lugonu [**....]
Gold:   186        SH:  0    Dex: 13    Spells: 5/5 levels left

rFire    . . .     SeeInvis .   b - +1 spear
rCold    . . .     Gourm    .   (no shield)
rNeg     . . .     Faith    .   j - +0 ring mail
rPois    .         Spirit   .   (helmet restricted)
rElec    .         Reflect  .   (no cloak)
rCorr    .         Harm     .   (no gloves)
MR       .....                  (boots unavailable)
Stlth    +.........             (no amulet)
HPRegen  0.13/turn              (no ring)
MPRegen  0.11/turn              l - +2 ring of evasion

@: flying quickly and evasively, slowed, very slow
A: beak, talons 3, able to fly
a: Stop Flying, Depart the Abyss, Bend Space, Renounce Religion


You were on level 3 of the Dungeon.
You worshipped Lugonu.
Lugonu was pleased with you.
You were hungry.

You visited 1 branch of the dungeon, and saw 4 of its levels.
You visited the Abyss 1 time.

You collected 186 gold pieces.


Innate Abilities, Weirdness & Mutations

You have a beak for a mouth.
You have claws for feet.
You can fly continuously.


   Skills:
 + Level 4.5 Fighting
 * Level 5.7 Polearms
 - Level 2.1 Armour
 + Level 2.1 Dodging
 - Level 1.5 Invocations


You had 5 spell levels left.
You didn't know any spells.
Your spell library was empty.

Inventory:

Hand Weapons
 a - a +0 war axe of pain
   (You took it off an orc on level 3 of the Dungeon)
 b - a +1 spear (weapon)
Armour
 j - a +0 ring mail (worn)
   (You found it on level 1 of the Dungeon)
Jewellery
 l - a +2 ring of evasion (right hand)
   (You found it on level 2 of the Dungeon)
Scrolls
 e - 3 scrolls of remove curse {unknown}
 f - a scroll of teleportation {unknown}
 h - 5 scrolls of identify {unknown}
 k - a scroll of random uselessness {unknown}
 n - a scroll of fog {unknown}
 p - a scroll of enchant armour {unknown}
 q - a scroll of blinking {unknown}
 s - a scroll of amnesia {unknown}
Potions
 d - 2 potions of heal wounds {unknown}
 g - 2 potions of mutation {unknown}
 i - a potion of flight {unknown}
 m - a potion of berserk rage {unknown}
 o - 2 potions of haste {unknown}
 r - a potion of lignification {unknown}
 t - a potion of agility {unknown}
Comestibles
 c - 4 rations

Dungeon Overview and Level Annotations

Branches:
Dungeon (4/15)
 Temple: D:4-7

Altars:

Annotations:
D:4 Eustachio

.### #.#####.##.##.## .#
#.##.......#...########## .#
#.##.##.####.#.......(..# .#
#........# #.).########.# .#
########.####### ###.### .#
#..........####### #.....#
.#####.##.......#.....#
#>#.#.#
........#..##.#.#.....#
##[#.#.##
...............>@O...ยง#
#.......#
........#...###.#.....#
#.......#
..####.##.......#.....#
#.##[##.# ..#
#..........####### #.##.##)#
..# ###...........# #.##.##.#
.<# #>##.##.....# #.##.##.#
..# #.##........######.......#
..# #.#####...............####
.#######.####.......##.##.####


You could see an ogre.


Message History

You hit the adder. Your peck misses the adder.
The adder is lightly wounded.
Eustachio mumbles some strange words.
Eustachio blinks!
The adder barely misses you.
Attack whom?
Press: ? - help, Dir - move target cursor, f/p - adder
Aim: an adder (lightly wounded)
You hit the adder.
The adder is lightly wounded.
A giant cockroach comes into view.
Eustachio says, "Summoning is fun!"
The adder misses you.
Attack whom?
Press: ? - help, Dir - move target cursor, f/p - adder
Aim: an adder (lightly wounded)
You hit the adder.
The adder is moderately wounded.
The adder barely misses you.
Eustachio casts a spell.
There is a stone staircase leading up here.
The bat barely misses you. The adder barely misses you.
Eustachio gestures wildly while chanting.
Eustachio blinks!
You fly upwards.
There is a stone staircase leading down, spattered with blood here.
You see here a hound corpse.
You hit the adder. You claw the adder.
The adder is severely wounded.
The adder bites you.
Your ring mail prevents you from hitting the adder.
The adder is severely wounded.
The adder completely misses you.
You completely miss the adder. You peck the adder, but do no damage.
The adder is severely wounded.
The adder barely misses you.
You barely miss the adder. You claw the adder.
The adder is almost dead.
The adder bites you but does no damage.
Your ring mail prevents you from hitting the adder.
Your kick misses the adder.
The adder is almost dead.
The adder bites you but does no damage.
You barely miss the adder.
The adder is almost dead.
The adder completely misses you.
You puncture the adder!
You kill the adder!
Lugonu accepts your kill.
Things that are here:
a +0 leather armour; a +0 club; an adder corpse
There is a stone staircase leading down here.
You regained 3 hp, and now have 29/39 hp.
You fly downwards.
You hear the sound of rushing water.
There is an entrance to a sewer on this level.
Hurry and find it before the portal rusts away!
Level annotation: Eustachio The ogre shouts!
There is a stone staircase leading up here.
Unknown command.
Found a scroll labeled HIACRE GIDAE.
Attack whom?
Press: ? - help, Dir - move target cursor, f - ogre
Aim: an ogre, wielding a +0 giant club You reach to attack!
The orc wizard shouts!
You hit the ogre.
The ogre is lightly wounded.
Attack whom?
Press: ? - help, Dir - move target cursor, f/p - ogre
Aim: an ogre, wielding a +0 giant club (lightly wounded)
You reach to attack!
You barely miss the ogre.
The ogre is lightly wounded.
You hear the brisk rusting of a very distant drain.
You are feeling hungry.
There is a stone staircase leading up here.
The orc wizard points at you and mumbles some strange words.
You feel yourself slow down. The ogre misses you.
You fly upwards.
There is a stone staircase leading down here.
Unknown command.
You hit the ogre.
The ogre is lightly wounded.
The ogre hits you with a +0 giant club!
* * * LOW HITPOINT WARNING * * *
You take 15 damage, and have 15/39 hp.
MASSIVE DAMAGE!!
You hit the ogre. You claw the ogre. You peck the ogre.
The ogre is moderately wounded.
The ogre misses you.
Unknown command.
You fail to use your ability.
The ogre completely misses you. Space bends around you!
You blink.
You take 1 damage, and have 14/39 hp.
You now have 7/8 mp.
Space bends around you!
You blink.
You take 2 damage, and have 12/39 hp.
You now have 6/8 mp.
The ogre hits you with a +0 giant club!!
Ouch! That really hurt!
You die...

Skill      XL: |  1  2  3  4  5  6 |
---------------+-------------------+-----
Polearms       | 3 4 5 |  5.7
Fighting       | 4 |  4.5
Dodging        | 2 |  2.1
Armour         | |  2.1
Invocations    | |  1.5

Action                   |  1- 3 |  4- 6 || total
-------------------------+-------+-------++-------
Melee: Spear             |    91 |   128 ||   219
       Kick              |    17 |    18 ||    35
       Peck              |     8 |    18 ||    26
Invok: Depart the Abyss  |     1 |       ||     1
       Bend Space        |       |     2 ||     2
 Abil: Evoke Flight      |     1 |     1 ||     2
       Fly               |       |     1 ||     1
 Stab: Sleeping          |     1 |       ||     1
  Eat: Chunk             |     4 |     4 ||     8
Armor: Leather armour    |     9 |       ||     9
       Ring mail         |    13 |    25 ||    38
Dodge: Dodged            |    40 |    73 ||   113

Levels and vault maps discovered:
D:1:      minmay_arrival_widening_spiral_wide, layout_basic
D:2:      layout_basic
D:3:      layout_loops_cross, first_ration
D:4:      layout_rooms, portal_sewer_entry_e, nemelex_spade_bored_becter,
          uniq_eustachio, uniq_crazy_yiuf_cottage
Abyss:1

Notes
Turn   | Place    | Note
-------+----------+-------------------------------------------
     0 | Abyss:1  | Monsterracer the Tengu Abyssal Knight began the quest for
                  | the Orb.
     0 | Abyss:1  | Reached XP level 1. HP: 14/14 MP: 3/3
    22 | Abyss:1  | Found a corrupted altar of Lugonu.
    77 | Abyss:1  | Noticed a small abomination
   103 | Abyss:1  | Noticed a blink frog
   106 | Abyss:1  | HP: 7/14 [blink frog (7)]
   107 | D:1      | Escaped the Abyss
   520 | D:1      | Reached XP level 2. HP: 19/19 MP: 4/4
   719 | D:1      | Reached skill level 3 in Polearms
   720 | D:1      | HP: 8/19 [jackal (3)]
   723 | D:1      | Reached * piety under Lugonu
  1367 | D:2      | Reached XP level 3. HP: 23/23 MP: 5/5
  2314 | D:3      | Reached XP level 4. HP: 27/28 MP: 6/6
  2393 | D:3      | Reached skill level 4 in Polearms
  2762 | D:3      | Reached ** piety under Lugonu
  2787 | D:3      | Gained mutation: You can fly continuously. [Tengu growth]
  2787 | D:3      | Reached XP level 5. HP: 30/33 MP: 7/7
  2986 | D:3      | Reached skill level 5 in Polearms
  3077 | D:4      | Noticed an ogre
  3160 | D:3      | Reached XP level 6. HP: 23/39 MP: 8/8
  3440 | D:4      | Noticed Eustachio
  3490 | D:3      | HP: 15/39 [ogre/+0 giant club (15)]
  3499 | D:3      | Mangled by an ogre

Vanquished Creatures
  A howler monkey (D:3)
  2 hounds (D:3)
  An orc priest (D:3)
  An orc wizard (D:3)
  6 adders (D:2 D:3)
  2 oozes (D:3)
  An adder skeleton (D:4)
  2 worms (D:2)
  3 dart slugs (D:1 D:4)
  2 leopard geckos (D:3)
  11 orcs (D:3 D:4)
  3 giant cockroaches (D:2 D:3)
  7 goblins (D:1 D:2 D:3)
  5 hobgoblins (D:1 D:2 D:3)
  6 jackals (D:1 D:2)
  4 kobolds (D:1 D:2 D:3)
  A ball python (D:4)
  4 bats (D:1 D:2 D:3)
  4 frilled lizards (D:1 D:2)
  A jackal skeleton (D:4)
  2 rats (D:3)
69 creatures vanquished.

Table legend:
 A = Turns spent in this place as a percentage of turns spent in the entire game.
 B = Non-inter-level travel turns spent in this place as a percentage of non-inter-level travel turns spent in the entire game.
 C = Inter-level travel turns spent in this place as a percentage of turns spent in this place.
 D = Turns resting spent in this place as a percentage of non-inter-level travel turns spent in this place.
 E = Turns spent auto-exploring this place as a percentage of non-inter-level travel turns spent in this place.
 F = Non-inter-level travel turns spent in this place divided by the number of levels of this place that you've seen.
                   A       B       C       D       E      F
               +-------+-------+-------+-------+-------+----------------------
         Total | 100.0 | 100.0 |   6.0 |  10.9 |  74.8 | 657.6
       Dungeon |  96.9 |  96.7 |   6.2 |  11.3 |  74.1 | 795.2
         Abyss |   3.1 |   3.3 |   0.0 |   0.0 |  95.3 | 107.0
               +-------+-------+-------+-------+-------+----------------------

Table legend:
 A = Non-vault XP
 B = Vault XP
 C = Vault XP percentage of total XP
 D = Non-vault monster count
 E = Vault monster count
 F = Vault count percentage of total count
                 A         B        C        D         E       F
            +---------+---------+-------+---------+---------+-------
      Total |     434 |       0 |   0.0 |      69 |       0 |   0.0
            +---------+---------+-------+---------+---------+-------
        D:1 |      23 |       0 |   0.0 |      12 |       0 |   0.0
        D:2 |      43 |       0 |   0.0 |      15 |       0 |   0.0
        D:3 |     348 |       0 |   0.0 |      35 |       0 |   0.0
        D:4 |      20 |       0 |   0.0 |       7 |       0 |   0.0
            +---------+---------+-------+---------+---------+-------
